 Dungeon Sprint DCSS version 0.17.2-1-ge4368a0 (webtiles) character file.

497 mopl the Covert (level 6, -6/30 HPs)
             Began as a Spriggan Assassin on Aug 23, 2016.
             Was a Priest of Trog.
             Killed by a malign offering
             ... invoked by a deep elf priest
              (12 damage)
             ... in the Dungeon (Sprint III: "The Ten Rune Challenge").
             The game lasted 00:01:22 (355 turns).

mopl the Covert (Spriggan Assassin)                  Turns: 355, Time: 00:01:24

Health: -6/30      AC:  4    Str:  7      XL:     6   Next: 93%
Magic:  7/7        EV: 17    Int: 12 (13) God:    Trog [***...]
Gold:   21         SH:  0    Dex: 19      Spells: 0 memorised, 5 levels left

rFire  . . .     SeeInvis +     b - +0 blowgun
rCold  . . .     Clarity  .     c - +0 robe
rNeg   . . .     SustAt   .     (shield restricted)
rPois  .         Gourm    .     (helmet restricted)
rElec  .         Spirit   .     d - +0 cloak
rCorr  .         Warding  .     (gloves unavailable)
rMut   .         NoTele   +     (boots unavailable)
MR     +....                    (no amulet)
Stlth  ++++++....               (no ring)
                                (no ring)

@: exhausted, slowed, quick, somewhat resistant to hostile enchantments, very
stealthy
A: unfitting armour, claws 1, hooves 1, see invisible, deterioration 1,
herbivore 3, speed 3, shaggy fur 1, slow metabolism 2, no device heal 1
a: Berserk, Trog's Hand, Burn Spellbooks, Renounce Religion


You were in the Dungeon.
You worshipped Trog.
Trog was most pleased with you.
You were not hungry.

You visited 1 branch You collected 21 gold pieces.

Inventory:

Hand Weapons
 a - a +0 dagger of venom
 b - a +0 blowgun (weapon)
Missiles
 e - 8 poisoned needles (quivered)
Armour
 c - a +0 robe (worn)
 d - a +0 cloak (worn)
Scrolls
 m - a scroll of blinking
 n - a scroll of fog {unknown}
 q - 3 scrolls of immolation {unknown}
 r - 3 scrolls of remove curse {unknown}
Potions
 h - a potion of curing
 i - a potion of heal wounds
 j - a potion of haste
 k - 2 potions of magic
 l - 2 potions of berserk rage {!q}
 o - a potion of might
 t - 3 potions of cure mutation {!q}
 u - 2 potions of flight
Comestibles
 g - a bread ration
 s - 2 royal jellies


   Skills:
 - Level 1.5 Fighting
 - Level 2.1 Short Blades
 * Level 12.0 Throwing
 - Level 1.5 Dodging
 + Level 13.8 Stealth


You had 5 spell levels left.
You didn't know any spells.

Dungeon Overview and Level Annotations

Branches:
Dungeon (1/1)

Altars:
Elyvilon
Kikubaaqudgha
Okawaru
Sif Muna
Trog
Vehumet
Zin
The Shining One


Innate Abilities, Weirdness & Mutations

You are tiny and cannot use many weapons and most armour.
You have supernaturally acute eyesight.
You are a herbivore.
You cover ground extremely quickly.
You need consume almost no food.
You have sharp fingernails.
You have large cloven feet.
Your body sometimes deteriorates upon taking damage.
You are covered in fur (AC +1).
Potions and wands are less effective at restoring your health.


Message History

b - a +0 blowgun (weapon)
The deep elf priest closely misses you.
Firing (i - inventory. (,) - cycle):
f - 2 curare-tipped needles (quivered)
Press: ? - help, Shift-Dir - straight line, f - deep elf priest
Aim: a deep elf priest, wielding a long sword of holy wrath (moderately wounded, poisoned)
You shoot a curare-tipped needle.
The curare-tipped needle hits the deep elf priest.
The deep elf priest convulses.
The deep elf priest seems to slow down.
The deep elf priest is heavily wounded.
Firing (i - inventory. (,) - cycle):
f - a curare-tipped needle (quivered)
Press: ? - help, Shift-Dir - straight line, f/p - deep elf priest
Aim: a deep elf priest, wielding a long sword of holy wrath (heavily wounded, slow, poisoned)
You shoot a curare-tipped needle.
The curare-tipped needle hits the deep elf priest.
The deep elf priest convulses.
The deep elf priest seems to be slow for longer.
The deep elf priest is almost dead.
The deep elf priest utters a dark prayer and points at you.
Your life force is offered up.
You die...

▓▓▓▓▓▓▓▓▓ ▓▓▓ ..'...♣.♣
♣.######### ..#....♣♣♣
♣♣.#___#__[# ###....♣.♣
..#e@.#..)#
..#....≈♣♣♣♣♣.###'#'###+##
..#.†.≈≈..♣♣..#..........#
..#..≈≈≈≈♣..♣.'.⌠........#
#'#..≈≈≈≈≈≈...#...######+#
..#.≈≈≈≈≈≈....#.⌠.#
..#.≈≈≈≈≈.....#...#
..#.≈≈≈....†..#'###
###...........#)[)#


You could see a deep elf priest.

Vanquished Creatures
  A water elemental (D)
  A scorpion (D)
  A wizard (D)
  Jessica (D)
  3 humans (D)
  A kobold demonologist (D)
  An ooze (D)
  2 rats (D)
11 creatures vanquished.

Vanquished Creatures (others)
  2 draconian scorchers (D)
  A yaktaur (D)
3 creatures vanquished.

Grand Total: 14 creatures vanquished

Notes
Turn   | Place    | Note
--------------------------------------------------------------
     0 | D        | mopl the Spriggan Assassin began the quest for the Orb.
     0 | D        | Reached XP level 1. HP: 10/10 MP: 2/2
     9 | D        | Reached skill level 3 in Throwing
     9 | D        | Reached skill level 6 in Stealth
   154 | D        | Killed a white draconian scorcher
   205 | D        | Noticed Jessica
   209 | D        | Killed Jessica
   209 | D        | Reached skill level 5 in Throwing
   209 | D        | Reached skill level 8 in Stealth
   209 | D        | Reached XP level 2. HP: 14/14 MP: 3/3
   209 | D        | Reached XP level 3. HP: 18/18 MP: 4/4
   228 | D        | Reached skill level 6 in Throwing
   233 | D        | Noticed a water elemental
   236 | D        | Killed a water elemental
   236 | D        | Reached skill level 7 in Throwing
   236 | D        | Reached skill level 10 in Stealth
   236 | D        | Reached XP level 4. HP: 22/22 MP: 5/5
   242 | D        | Found an iron altar of Okawaru.
   243 | D        | Found a bloodstained altar of Trog.
   243 | D        | Noticed a human
   243 | D        | Noticed a human
   245 | D        | Killed a human
   245 | D        | Reached skill level 10 in Throwing
   245 | D        | Reached skill level 12 in Stealth
   245 | D        | Reached XP level 5. HP: 25/25 MP: 6/6
   246 | D        | Killed a human
   246 | D        | Reached skill level 11 in Throwing
   246 | D        | Reached skill level 13 in Stealth
   246 | D        | Reached XP level 6. HP: 30/30 MP: 7/7
   252 | D        | Became a worshipper of Trog the Wrathful
   261 | D        | Noticed a scorpion
   278 | D        | Killed a scorpion
   298 | D        | Gained mutation: You have sharp fingernails. [potion of mutation]
   298 | D        | Gained mutation: Your body sometimes deteriorates upon taking damage. [potion of mutation]
   298 | D        | Gained mutation: You have large cloven feet. [potion of mutation]
   298 | D        | Killed a white draconian scorcher
   299 | D        | Gained mutation: You are covered in fur (AC +1). [potion of mutation]
   299 | D        | Gained mutation: Potions and wands are less effective at restoring your health. [potion of mutation]
   320 | D        | Found a radiant altar of Vehumet.
   321 | D        | Found a deep blue altar of Sif Muna.
   321 | D        | Found an ancient bone altar of Kikubaaqudgha.
   321 | D        | Noticed a wizard
   322 | D        | Reached * piety under Trog
   322 | D        | Reached ** piety under Trog
   323 | D        | Noticed a sixfirhy
   323 | D        | Killed a wizard
   323 | D        | Reached skill level 12 in Throwing
   327 | D        | Reached *** piety under Trog
   345 | D        | Killed a yaktaur
   347 | D        | Found a glowing silver altar of Zin.
   348 | D        | Found a glowing golden altar of the Shining One.
   348 | D        | Found a white marble altar of Elyvilon.
   348 | D        | Noticed a deep elf priest
   355 | D        | Killed from afar by a deep elf priest

Action                   |  1- 3 |  4- 6 || total
-------------------------+-------+-------++-------
Melee: Dagger            |    14 |     8 ||    22
 Fire: Blowgun           |       |     4 ||     4
Invok: Burn Spellbooks   |       |     1 ||     1
       Berserk           |       |     1 ||     1
  Use: Potion            |       |     3 ||     3
 Stab: Sleeping          |     4 |     3 ||     7
